 Dungeon Crawl Stone Soup version 0.28-a0-1524-ge72afd5fc6 (webtiles) character file.

Game seed: 5526178391129530123

7 HallandMoats the Skirmisher (level 2, 0/26 HPs)
             Began as a Ghoul Fighter on Jan 18, 2022.
             Was a Believer of Lugonu.
             Frozen to death by an endoplasm (1 damage)
             ... on level 1 of the Dungeon.
             The game lasted 00:00:26 (285 turns).

HallandMoats the Skirmisher (Ghoul Fighter)          Turns: 285, Time: 00:00:27

Health: 0/26       AC:  6    Str: 19    XL:     2   Next: 4%
Magic:  1/1        EV:  9    Int:  3    God:    Lugonu [**....]
Gold:   10         SH:  4    Dex:  8    Spells: 1/1 levels left

rFire   . . .      SeeInvis .   a - +0 war axe
rCold   + . .      Faith    .   c - +0 buckler
rNeg    + + +      Spirit   .   b - +0 scale mail
rPois   ∞          Reflect  .   (no helmet)
rElec   .          Harm     .   (no cloak)
rCorr   .          Rampage  .   (no gloves)
Will    .....                   (no boots)
Stlth   ..........              (no amulet)
HPRegen 0.00/turn               (no ring)
MPRegen 0.07/turn               (no ring)

@: inhibited regen
A: claws 1, cold resistance 1, negative energy resistance 3, inhibited
regeneration, torment resistance 2
a: Renounce Religion, Depart the Abyss, Bend Space


You were on level 1 of the Dungeon.
You worshipped Lugonu.
Lugonu was pleased with you.
You visited 1 branch of the dungeon, and saw 1 of its levels.

You collected 10 gold pieces.

Inventory:

Hand Weapons
 a - a +0 war axe (weapon)
Armour
 b - a +0 scale mail (worn)
 c - a +0 buckler (worn)
Potions
 d - 2 potions of might
 e - a potion of mutation {unknown}


   Skills:
 * Level 3.4 Fighting
 * Level 2.0 Axes
 + Level 2.7 Armour
 + Level 0.2 Dodging
 + Level 2.7 Shields


You had one spell level left.
You didn't know any spells.
Your spell library was empty.

Dungeon Overview and Level Annotations

Branches:
Dungeon (1/15)

Altars:
Lugonu


Innate Abilities, Weirdness & Mutations

You thrive by killing the living.
You are immune to poison.
You have sharp fingernails.
Your flesh is cold resistant. (rC+)
You are immune to negative energy. (rN+++)
You do not regenerate when monsters are visible.
You are immune to unholy pain and torment.


Message History

You are frozen.
You resist. The endoplasm freezes you.
You are frozen.
You resist.
* * * LOW HITPOINT WARNING * * *
You block the endoplasm's attack. The endoplasm freezes you.
You are frozen.
You resist.
* * * LOW HITPOINT WARNING * * *
The endoplasm barely misses you.
The endoplasm hits you but does no damage.
The endoplasm hits you but does no damage.
The endoplasm hits you but does no damage.
The endoplasm freezes you.
You are frozen.
You resist. The endoplasm freezes you.
You are frozen.
You resist. The endoplasm hits you.
* * * LOW HITPOINT WARNING * * *
The endoplasm hits you but does no damage.
The endoplasm completely misses you. The endoplasm barely misses you.
You block the endoplasm's attack.
The endoplasm hits you but does no damage.
The endoplasm hits you but does no damage.
The endoplasm hits you but does no damage.
The endoplasm barely misses you.
The endoplasm hits you but does no damage.
The endoplasm barely misses you. The endoplasm freezes you.
You are frozen.
You resist.
* * * LOW HITPOINT WARNING * * *
The endoplasm hits you but does no damage.
The endoplasm hits you but does no damage.
The endoplasm hits you but does no damage.
The endoplasm hits you but does no damage.
You block the endoplasm's attack. The endoplasm closely misses you.
The endoplasm freezes you.
You are frozen.
You resist.
You die...

#. #.# #. #.# #.
#.# #. #. #.### #.
######. #.#.
###.##...... #.. #
........###.
##.#.#.###......#.#
#.@J.#.............
#.#######.......#..
#.........#........
##.#..........###..
#............# #..
###.........####..
##..............
#..#......###.#
#.###.....# #.#


You could see an endoplasm.

Vanquished Creatures
  A dart slug (D:1)
  A ball python (D:1)
  3 bats (D:1)
5 creatures vanquished.

Notes
Turn   | Place    | Note
-------+----------+-------------------------------------------
     0 | D:1      | HallandMoats the Ghoul Fighter began the quest for the Orb.
     0 | D:1      | Reached XP level 1. HP: 19/19 MP: 0/0
    43 | D:1      | Found a faded altar of an unknown god.
    53 | D:1      | Prayed at the altar of an unknown god.
    53 | D:1      | Became a worshipper of Lugonu the Unformed
    53 | D:1      | Reached * piety under Lugonu
    53 | D:1      | Reached ** piety under Lugonu
   149 | D:1      | Reached XP level 2. HP: 26/26 MP: 1/1
   278 | D:1      | HP: 1/26 [frozen (1)]
   285 | D:1      | Frozen to death by an endoplasm

Illustrated notes

Levels and vault maps discovered:
D:1:      erik_arrival_blinker_ship, layout_loops_ring,
          ebering_ecumenical_altar_abandoned

Skill      XL: |  1 |
---------------+----+-----
Axes           | 2 |  2.0
Fighting       | |  3.4
Armour         | |  2.7
Dodging        | |  0.2
Shields        | |  2.7

Action                   || total
-------------------------++-------
Melee: War axe           ||    11
Armor: Scale mail        ||    27
Dodge: Dodged            ||    26
Block: Buckler           ||     9

Table legend: (Time is in decaauts)
 A = Elapsed time spent in this place.
 B = Non-inter-level travel time spent in this place.
 C = Inter-level travel time spent in this place.
 D = Time resting spent in this place.
 E = Time spent auto-exploring this place.
 F = Levels seen in this place.
 G = Mean time per level.
                   A        B        C        D        E       F      G
               +--------+--------+--------+--------+--------+-----+--------+
         Total |    290 |    290 |      0 |      0 |    186 |   1 |  290.0 |
       Dungeon |    290 |    290 |      0 |      0 |    186 |   1 |  290.0 |
               +--------+--------+--------+--------+--------+-----+--------+

Top non-repeatable levels by time:
     D:1: 290 daAuts
